 Dungeon Crawl Stone Soup version 0.31-a0-803-g95b03c3367 (webtiles) character file.

Game seed: 308132203901953254

882 pokeman the Magician (level 7, -6/40 HPs)
             Began as a Deep Elf Hedge Wizard on Sept 20, 2023.
             Was a Believer of Vehumet.
             Mangled by a yak (14 damage)
             ... on level 5 of the Dungeon.
             The game lasted 00:17:03 (5317 turns).

pokeman the Magician (Deep Elf Hedge Wizard)        Turns: 5317, Time: 00:17:04

Health: -6/40      AC:  7    Str:  7    XL:     7   Next: 76%
Magic:  10/20      EV: 13    Int: 21    God:    Vehumet [**....]
Gold:   341        SH:  5    Dex: 14    Spells: 10/21 levels left

rFire   . . .        a - +0 dagger
rCold   + + .        (no shield)
rNeg    . . .        t - +1 robe {rC+}
rPois   .            c - +0 hat
rElec   .            (no cloak)
rCorr   .            (no gloves)
SInv    .            (no boots)
Will    .....        i - amulet of reflection
Stlth   ++           f - ring of protection from cold
HPRegen 0.26/turn    g - +4 ring of protection
MPRegen 0.17/turn

%: reflection
@: no status effects
A: no striking features
a: Renounce Religion


You were on level 5 of the Dungeon.
You worshipped Vehumet.
Vehumet was pleased with you.
You visited 1 branch of the dungeon, and saw 5 of its levels.
You also visited: Ossuary.

You collected 341 gold pieces.

Inventory:

Hand Weapons
 a - a +0 dagger (weapon)
Armour
 c - a +0 hat (worn)
 t - a +1 robe of cold resistance (worn)
Jewellery
 f - a ring of protection from cold (left hand)
 g - a +4 ring of protection (right hand)
 h - a ring of fire
 i - an amulet of reflection (around neck)
 l - a ring of fire
 y - an amulet of faith
 E - a +6 ring of intelligence
 F - a ring of see invisible
 H - a ring of protection from cold
Scrolls
 b - 3 scrolls of identify {unknown}
 e - a scroll of vulnerability {unknown}
 j - 6 scrolls of teleportation {unknown}
 k - 3 scrolls of amnesia {unknown}
 m - a scroll of immolation {unknown}
 u - a scroll of fear {unknown}
 v - a scroll of poison {unknown}
 x - a scroll of summoning {unknown}
 D - 2 scrolls of fog {unknown}
 G - a scroll of enchant weapon {unknown}
Potions
 d - 2 potions of magic
 n - 4 potions of haste {unknown}
 o - 3 potions of curing {unknown}
 p - a potion of might {unknown}
 q - 2 potions of resistance {unknown}
 r - 5 potions of attraction {unknown}
 s - 2 potions of heal wounds {unknown}
 w - a potion of ambrosia {unknown}
 z - a potion of invisibility {unknown}
 A - 2 potions of degeneration {unknown}
 B - 3 potions of berserk rage {unknown}
 C - 2 potions of mutation {unknown}


   Skills:
 - Level 2.0 Fighting
 + Level 1.0 Armour
 - Level 3.0 Dodging
 - Level 3.0 Stealth
 * Level 7.9 Spellcasting
 + Level 5.9 Conjurations
 - Level 1.1 Summonings
 - Level 1.1 Translocations
 - Level 1.1 Air Magic
 + Level 2.0 Earth Magic
 - Level 1.1 Poison Magic


You had 10 spell levels left.
You knew the following spells:

 Your Spells              Type           Power      Damage    Failure   Level
a - Magic Dart            Conj           100%       1d8       1%          1
b - Mephitic Cloud        Conj/Pois/Air  19%        N/A       8%          3
c - Call Imp              Summ           24%        N/A       8%          2
d - Blink                 Tloc           24%        N/A       8%          2
e - Stone Arrow           Conj/Erth      50%        3d10      4%          3

Your spell library contained the following spells:

 Spells                   Type           Power      Damage    Failure   Level
 Shock                    Conj/Air       92%        1d8       1%          1
 Sandblast                Erth           34%        2d9       3%          1
 Passwall                 Tmut/Erth      10%        N/A       8%          2
 Slow                     Hex            32%        N/A       9%          1
 Cigotuvi's Dreadful Rot  Necr/Pois/Air  22%        N/A       9%          2
 Brom's Barrelling Bould  Conj/Erth      25%        2d5       16%         4
 Leda's Liquefaction      Hex/Erth       6%         N/A       45%         4
 Petrify                  Tmut/Erth      12%        N/A       45%         4


Dungeon Overview and Level Annotations

Branches:
Dungeon (5/15)            Ossuary (visited)
 Temple: D:4-7

Altars:
Cheibriados
Hepliaklqana
Makhleb
Vehumet

Shops:
D:3 (


Message History

Press: ? - help, Shift-Dir - straight line, f - white imp
Aim: a white imp (71% to hit)
The stone arrow misses the white imp.
You block the yak's attack.
The orc is engulfed in noxious fumes.
The orc appears confused.
The orc barely misses the yak.
The white imp completely misses you.
The yak is engulfed in noxious fumes.
The yak appears confused.
The yak gores the yak!
Unknown command.
The orc is engulfed in noxious fumes.
The orc appears confused.
The orc barely misses the orc.
The orc hits the yak with a +0 whip.
The yak barely misses the yak.
The yak attacks as it pursues you! The yak closely misses you.
The orc mumbles something.
The orc hits the orc with a +0 whip.
The white imp hits you but does no damage.
The orc hits the orc with a +0 whip.
The white imp attacks as it pursues you!
The white imp misses you. The yak attacks as it pursues you!
The yak closely misses you.
You feel ready to blink again.
The yak snorts and paws the ground.
The yak attacks as it pursues you! The yak misses you.
Found a hand axe.
Something closely misses the orc.
Something barely misses the orc.
Casting: Stone Arrow (dangerous; 4% risk of failure)
Confirm with . or Enter, or press ? or * to list all spells.
Aiming: Mephitic Cloud (dangerous; 8% risk of failure)
Press: ? - help, Shift-Dir - straight line, f - yak, p - white imp
Aim: a yak (lightly wounded, chance to affect: 67%)
The ball explodes into a vile cloud!
The stinking cloud engulfs the yak but does no damage.
The yak is lightly wounded.
The stinking cloud engulfs the white imp but does no damage.
The stinking cloud engulfs you but does no damage.
The yak is engulfed in noxious fumes.
You block the yak's attack.
Unknown command.
Unknown command.
The yak is engulfed in noxious fumes.
The yak attacks as it pursues you! The yak gores you!
You die...

## .. ....... .#
......... .# ....... .#
#.#..# .#######.#..###
##.....Y.......
...)....Y...########..#
............Y5°Y@....)#
.#<#.#.#...Y#########.#
.###o#.#....# .#
#.#..oY..#
.###...Y....#
.......##...#
...##.###..## #####.#
#..# ... ....


You could see 3 yaks and a white imp.

Vanquished Creatures
  Sigmund (D:3)
  An ogre (D:5)
  A phantom (D:4)
  2 elf zombies (Ossuary)
  A scorpion (D:5)
  A hound (D:4)
  A human zombie (Ossuary)
  2 orc wizards (D:4)
  Natasha (thrice) (D:3)
  Terence (D:3)
  3 mummies (Ossuary)
  3 adders
  3 dart slugs
  8 orcs
  10 ball pythons
  8 endoplasms
  3 giant cockroaches
  7 goblins
  6 hobgoblins
  4 jackals (D:2)
  5 quokkas
  4 bats
  3 frilled lizards
  A goblin zombie (Ossuary)
  2 jackal zombies (Ossuary)
  9 kobolds
  2 kobold zombies (Ossuary)
  3 rats
  A rat zombie (Ossuary)
  A spectral hobgoblin (D:3)
100 creatures vanquished.

Vanquished Creatures (collateral kills)
  A mummy (Ossuary)
  2 gnoll zombies (Ossuary)
  An orc zombie (Ossuary)
4 creatures vanquished.

Grand Total: 104 creatures vanquished

Notes
Turn   | Place    | Note
-------+----------+-------------------------------------------
     0 | D:1      | pokeman the Deep Elf Hedge Wizard began the quest for the
                  | Orb.
     0 | D:1      | Reached XP level 1. HP: 10/10 MP: 7/7
   172 | D:1      | Reached XP level 2. HP: 3/15 MP: 0/9
   753 | D:1      | Reached skill level 5 in Spellcasting
   919 | D:1      | Found a radiant altar of Vehumet.
   999 | D:2      | Reached XP level 3. HP: 20/20 MP: 5/11
  1014 | D:1      | Learned a level 3 spell: Mephitic Cloud
  1017 | D:1      | Learned a level 2 spell: Call Imp
  1020 | D:1      | Learned a level 2 spell: Blink
  1662 | D:1      | Became a worshipper of Vehumet
  1838 | D:2      | Found a faded altar of an unknown god.
  2006 | D:2      | Reached skill level 1 in Armour
  2129 | D:2      | Reached skill level 1 in Fighting
  2245 | D:2      | Found a snail-covered altar of Cheibriados.
  2391 | D:2      | Reached XP level 4. HP: 25/25 MP: 11/13
  2565 | D:3      | Noticed Sigmund
  2588 | D:3      | Killed Sigmund
  2589 | D:3      | Reached XP level 5. HP: 28/29 MP: 4/14
  2674 | D:3      | Found a burning altar of Makhleb.
  2708 | D:3      | Found Riymeh's Weapon Shoppe.
  2744 | D:3      | Noticed Terence
  2764 | D:3      | Killed Terence
  2765 | D:3      | Reached skill level 5 in Conjurations
  2766 | D:3      | Noticed Natasha
  2806 | D:3      | Killed Natasha
  2807 | D:3      | Reached XP level 6. HP: 31/34 MP: 4/16
  2964 | D:3      | Noticed Natasha
  2976 | D:3      | Killed Natasha
  2980 | D:3      | Reached * piety under Vehumet
  2980 | D:3      | Offered knowledge of Freeze by Vehumet.
  3015 | D:3      | Noticed Natasha
  3022 | D:3      | Killed Natasha
  3083 | D:3      | Reached skill level 6 in Spellcasting
  3218 | D:3      | Found a hazy altar of Hepliaklqana.
  3469 | D:4      | Got a thrumming book
  3474 | D:4      | Learned a level 3 spell: Stone Arrow
  3610 | D:4      | Found a sand-covered staircase.
  3617 | Ossuary  | Entered an ossuary
  3802 | Ossuary  | Reached skill level 1 in Air Magic
  3802 | Ossuary  | Reached skill level 1 in Poison Magic
  3834 | Ossuary  | Reached XP level 7. HP: 29/38 MP: 0/19
  4239 | D:4      | Reached skill level 7 in Spellcasting
  4239 | D:4      | Reached skill level 1 in Earth Magic
  4440 | D:4      | Offered knowledge of Shock by Vehumet.
  4464 | D:4      | Reached ** piety under Vehumet
  5188 | D:5      | Entered Level 5 of the Dungeon
  5287 | D:5      | Noticed a yak
  5287 | D:5      | Noticed a yak
  5288 | D:5      | Noticed a yak
  5296 | D:5      | Noticed a yak
  5297 | D:5      | Noticed a yak
  5317 | D:5      | Mangled by a yak

Illustrated notes

Levels and vault maps discovered:
D:1:      dpeg_arrival_water_altar, layout_rooms, reono_crystal_passage
D:2:      layout_rooms, shapermc_ecumenical_altar_venn, basic_altar
D:3:      layout_rooms, bloody_makhleb, nicolae_hepliaklqana_monster_ancestors,
          serial_shops, shop, uniq_terence, uniq_natasha, uniq_sigmund
D:4:      layout_loops_cross, nicolae_ossuary_entry_plus,
          hangedman_decor_clover_reticule, nicolae_titane
D:5:      layout_basic, minmay_temple_entry_enclosed_plants,
          amcnicky_altar_lugonu_corruption

Skill      XL: |  1  2  3  4  5  6  7 |
---------------+----------------------+-----
Spellcasting   | 5 6 7 |  7.9
Armour         | 1 |  1.0
Fighting       | 1 2 |  2.0
Conjurations   | 2 4 5 |  5.9
Dodging        | 3 |  3.0
Stealth        | 3 |  3.0
Air Magic      | 1 |  1.1
Poison Magic   | 1 |  1.1
Earth Magic    | 2 |  2.0
Summonings     | |  1.1
Translocations | |  1.1

Action                     |  1- 3 |  4- 6 |  7- 9 || total
---------------------------+-------+-------+-------++-------
  Melee: Dagger            |     9 |   105 |     2 ||   116
         Punch             |       |     3 |       ||     3
   Cast: Magic Dart        |   102 |    55 |    23 ||   180
         Blink             |    39 |     3 |     1 ||    43
         Mephitic Cloud    |       |    10 |     3 ||    13
         Stone Arrow       |       |     5 |    25 ||    30
         Call Imp          |       |     5 |       ||     5
   Stab: Confused          |       |     8 |       ||     8
 Armour: Robe              |     9 |    97 |     7 ||   113
  Dodge: Dodged            |    17 |   134 |    11 ||   162
  Block: Other             |       |    48 |     4 ||    52

Table legend: (Time is in decaauts)
 A = Elapsed time spent in this place.
 B = Non-inter-level travel time spent in this place.
 C = Inter-level travel time spent in this place.
 D = Time resting spent in this place.
 E = Time spent auto-exploring this place.
 F = Levels seen in this place.
 G = Mean time per level.
                   A        B        C        D        E       F      G
               +--------+--------+--------+--------+--------+-----+--------+
         Total |   5428 |   5308 |    120 |    359 |   3601 |   6 |  904.7 |
       Dungeon |   4852 |   4732 |    120 |    359 |   3379 |   5 |  970.4 |
       Ossuary |    575 |    575 |      0 |      0 |    222 |   1 |  575.0 |
               +--------+--------+--------+--------+--------+-----+--------+

Top non-repeatable levels by time:
     D:1: 1836 daAuts
     D:4: 1161 daAuts
     D:3: 884 daAuts
     D:2: 841 daAuts
 Ossuary: 575 daAuts
     D:5: 128 daAuts
